 Dungeon Crawl Stone Soup version 0.31-a0-1202-ga8fea8b373 (webtiles) character file.

Game seed: 9058289857008944815

182 qw the Shooter (level 5, -1/32 HPs)
             Began as a Gargoyle Hunter on Dec 12, 2023.
             Frozen to death by an endoplasm (3 damage)
             ... on level 3 of the Dungeon.
             The game lasted 00:00:58 (1609 turns).

qw the Shooter (Gargoyle Hunter)                    Turns: 1609, Time: 00:00:59

Health: -1/32      AC: 10    Str: 15    XL:     5   Next: 62%
Magic:  5/5        EV: 11    Int:  9    God:
Gold:   102        SH:  0    Dex: 15    Spells: 4/4 levels left

rFire   . . .        a - +0 shortbow
rCold   . . .        (shield currently unavailable)
rNeg    + . .        g - +0 ring mail
rPois   inf          (no helmet)
rElec   +            (no cloak)
rCorr   .            (no gloves)
SInv    .            d - +0 pair of boots
Will    .....        (no amulet)
Stlth   +            (no ring)
HPRegen 0.25/turn    (no ring)
MPRegen 0.09/turn

%: no passive effects
@: about to teleport
A: sickness immunity, AC +4, negative energy resistance 1, electricity
resistance, torment resistance 1, petrification resistance
a: no special abilities


You were on level 3 of the Dungeon.
You visited 1 branch of the dungeon, and saw 3 of its levels.

You collected 102 gold pieces.


Innate Abilities, Weirdness & Mutations

You are immune to sickness and miasma.
Your stone body is resilient. (AC +4)
You are immune to poison.
You resist negative energy. (rN+)
You are resistant to electric shocks. (rElec)
You are resistant to unholy torment.
You are immune to petrification.


   Skills:
 + Level 3.5 Fighting
 - Level 6.0 Ranged Weapons
 - Level 1.1 Armour
 - Level 1.5 Dodging
 - Level 1.1 Stealth


You had 4 spell levels left.
You didn't know any spells.
Your spell library was empty.

Inventory:

Hand Weapons
 a - a +0 shortbow (weapon)
Armour
 d - a +0 pair of boots (worn)
 g - a +0 ring mail (worn)
Scrolls
 b - a scroll of identify
Potions
 f - a potion of haste {unknown}
 h - 2 potions of curing
 i - a potion of might
 j - a potion of resistance

Dungeon Overview and Level Annotations

Branches:
Dungeon (3/15)

Altars:


Message History

The endoplasm closely misses you. The orc misses you.
You shoot an arrow. The arrow hits the orc.
The orc is almost dead.
The endoplasm freezes you.
You are frozen.
The orc hits you but does no damage.
You shoot an arrow.
The arrow hits the orc but does no damage.
The orc is almost dead.
The endoplasm hits you but does no damage.
The orc hits you with a +0 dagger.
The endoplasm hits you but does no damage.
The orc closely misses you.
You shoot an arrow. The arrow hits the orc.
You kill the orc!
The endoplasm barely misses you.
You shoot an arrow. The arrow hits the endoplasm.
The endoplasm is lightly wounded.
The endoplasm barely misses you.
You shoot an arrow.
The arrow hits the endoplasm but does no damage.
The endoplasm is lightly wounded.
The endoplasm barely misses you.
You shoot an arrow.
The arrow hits the endoplasm but does no damage.
The endoplasm is lightly wounded.
The endoplasm freezes you.
You are frozen.
You shoot an arrow.
The arrow hits the endoplasm but does no damage.
The endoplasm is lightly wounded.
The endoplasm freezes you.
You are frozen.
The endoplasm freezes you.
You are frozen.
1609 ||| READING scroll of teleportation.
As you read the scroll of teleportation, it crumbles to dust.
You feel strangely unstable. The endoplasm freezes you.
You are frozen.
You die...

.. .. #' #. ####
#. .... #.## ....
#)J######## ....
#@.......# ....
##.......# #...
##.......# #...
#........### #...
#....).....####...
#.....####...##...
#.....# ###....##
#.....# ####.##
#.....# #..#


You could see an endoplasm.

Vanquished Creatures
  Terence (D:3)
  2 gnolls (D:3)
  5 adders
  5 dart slugs
  3 orcs (D:3)
  9 endoplasms
  3 giant cockroaches
  7 goblins
  5 hobgoblins
  6 jackals (D:1)
  7 kobolds
  6 quokkas
  6 ball pythons
  4 bats
  3 frilled lizards
  4 rats
76 creatures vanquished.

Notes
Turn   | Place    | Note
-------+----------+-------------------------------------------
     0 | D:1      | qw the Gargoyle Hunter began the quest for the Orb.
     0 | D:1      | Reached XP level 1. HP: 12/12 MP: 1/1
     0 | D:1      | 0 ||| qw: Version: 0.3-a-106-g2cfff9e
     0 | D:1      | 0 ||| qw: Game counter: 2126
     0 | D:1      | 0 ||| qw: Melee chars always use a shield: true
     0 | D:1      | 0 ||| qw: God list: Okawaru
     0 | D:1      | 0 ||| qw: Allow faded altars: false
     0 | D:1      | 0 ||| qw: Do Orc after clearing Dungeon:15 true
     0 | D:1      | 0 ||| qw: Do second Lair branch before Depths: true
     0 | D:1      | 0 ||| qw: Lair rune preference: random
     0 | D:1      | 0 ||| qw: Goals: Normal, Save, Zot:1-4, Win
     0 | D:1      | 0 ||| PLANNING D:1-11
    89 | D:1      | Reached XP level 2. HP: 17/17 MP: 2/2
   189 | D:1      | Reached XP level 3. HP: 21/21 MP: 3/3
   193 | D:1      | Reached skill level 5 in Ranged Weapons
   406 | D:1      | 406 ||| UPGRADING to +0 ring mail.
   416 | D:1      | 416 ||| DROPPING +0 leather armour.
   417 | D:1      | 417 ||| DROPPING scarf of invisibility.
   418 | D:1      | 418 ||| READING 2 scrolls labelled PIAHOA AFUOB.
   419 | D:1      | 419 ||| READING scroll labelled BYIMUA DAROT.
   420 | D:1      | 420 ||| READING 2 scrolls labelled LAUT YSECSE.
   420 | D:1      | 420 ||| IDENTIFYING puce potion
   421 | D:1      | 421 ||| READING scroll of identify.
   421 | D:1      | 421 ||| IDENTIFYING brown potion
   422 | D:1      | 422 ||| DRINKING 2 fizzy red potions.
   423 | D:1      | 423 ||| DRINKING 2 fuming yellow potions.
   424 | D:1      | 424 ||| DROPPING scroll of butterflies.
   425 | D:1      | 425 ||| DROPPING scroll of revelation.
   426 | D:1      | 426 ||| DROPPING potion of brilliance.
   542 | D:2      | Reached skill level 1 in Armour
   571 | D:2      | Reached XP level 4. HP: 27/27 MP: 4/4
   633 | D:2      | Reached skill level 3 in Fighting
  1013 | D:2      | Found a faded altar of an unknown god.
  1306 | D:2      | 1306 ||| UPGRADING to +0 pair of boots.
  1311 | D:2      | 1311 ||| READING scroll labelled MIORRA JOOTIEK.
  1316 | D:2      | 1316 ||| READING scroll labelled URRATHR XEMAYPH.
  1317 | D:2      | 1317 ||| READING scroll labelled FIUTUSH JUTTODGH.
  1410 | D:3      | Noticed Terence
  1422 | D:3      | Reached XP level 5. HP: 32/32 MP: 5/5
  1422 | D:3      | Killed Terence
  1586 | D:3      | Reached skill level 6 in Ranged Weapons
  1608 | D:3      | HP: 7/32 [frozen (4)]
  1608 | D:3      | HP: 2/32 [frozen (5)]
  1609 | D:3      | 1609 ||| READING scroll of teleportation.
  1609 | D:3      | Frozen to death by an endoplasm

Levels and vault maps discovered:
D:1:      ldierk_walled_garden, layout_rooms, minmay_misc_feat_square
D:2:      layout_loops_corners, hellmonk_ecumenical_altar_arch_garden,
          minmay_unequal
D:3:      layout_basic, uniq_terence

Skill      XL: |  1  2  3  4  5 |
---------------+----------------+-----
Ranged Weapons | 5 6 |  6.0
Armour         | 1 |  1.1
Fighting       | 3 |  3.5
Dodging        | |  1.5
Stealth        | |  1.1

Action                     |  1- 3 |  4- 6 || total
---------------------------+-------+-------++-------
   Fire: Shortbow          |   112 |   149 ||   261
    Use: Scroll            |     4 |     4 ||     8
         Potion            |     2 |       ||     2
 Armour: Leather armour    |    20 |       ||    20
         Ring mail         |     7 |    63 ||    70
  Dodge: Dodged            |    24 |    65 ||    89

Table legend:
 A = Non-vault XP
 B = Vault XP
 C = Vault XP percentage of total XP
 D = Non-vault monster count
 E = Vault monster count
 F = Vault count percentage of total count
                 A         B        C        D         E       F
            +---------+---------+-------+---------+---------+-------
      Total |     208 |      53 |  20.3 |      71 |       5 |   6.6
            +---------+---------+-------+---------+---------+-------
        D:1 |      61 |       0 |   0.0 |      29 |       0 |   0.0
        D:2 |      74 |      17 |  18.7 |      22 |       4 |  15.4
        D:3 |      73 |      36 |  33.0 |      20 |       1 |   4.8
            +---------+---------+-------+---------+---------+-------
